Map: Tourmaline LE

Players

Sekky

  • Race: Zerg Zerg
  • League: Diamond
  • Spawn Location: 1:00

Shinypants - Winner!

  • Race: Terran Terran
  • League: Diamond
  • Spawn Location: 7:00

VOD

Have the link to the VOD?

Description

Time

  • Played on: Jan. 14, 2026, 11:41 a.m.
  • Length: 13:10
Show
View Real Time Build Order
Export as new Build Order

Sekky Zerg 

Build Orders: Pool First 

Get SALT Encoding   

  12  0:00  Drone  
  13  0:08  Drone  
  14  0:16  Overlord  
  14  0:23  Extractor  
  14  0:24  Drone  
  15  0:34  Drone x2  
  17  0:46  Spawning Pool  
  17  0:48  Drone  
  17  1:08  Hatchery  
  17  1:10  Drone  
  17  1:13  Drone  
  17  1:16  Drone  
  19  1:24  Extractor  
  18  1:33  Queen  
  18  1:37  Zergling x2  
  21  1:41  Overlord  
  21  1:49  Drone  
  22  2:04  Drone  
  23  2:09  Queen  
  23  2:15  Drone  
  26  2:22  Hatchery  
  24  2:44  Drone x2  
  24  2:45  Drone x3  
  24  2:46  Drone x3  
  24  2:47  Overlord  
  32  2:56  Drone  
  33  2:59  Drone  
  34  3:07  Drone, Queen  
  34  3:12  Queen  
  39  3:20  Drone x4  
  39  3:24  Overlord  
  43  3:35  Queen  
  45  3:43  Zergling x4  
  45  3:45  Metabolic Boost  
  47  3:53  Drone  
  47  3:54  Drone  
  49  3:56  Spore Crawler  
  49  3:58  Spore Crawler  
  49  4:02  Drone x8  
  55  4:06  Drone  
  55  4:07  Overlord  
  55  4:09  Spore Crawler  
  55  4:15  Baneling Nest  
  54  4:27  Overlord x2  
  54  4:29  Drone  
  54  4:30  Drone x7  
  62  4:37  Drone  
  63  4:40  Overlord  
  63  4:41  Queen  
  63  4:44  Queen  
  67  4:47  Queen  
  69  5:06  Extractor  
  68  5:07  Extractor, Drone  
  68  5:08  Drone x2  
  68  5:09  Drone x3  
  68  5:11  Drone x2  
  75  5:19  Lair  
  75  5:29  Overlord x2  
  75  5:30  Zergling x6  
  78  5:38  Overlord  
  78  5:40  Drone  
  78  5:41  Overlord x2  
  78  5:42  Overlord  
  79  5:48  Evolution Chamber x2  
  77  5:51  Drone  
  77  5:52  Drone  
  79  5:59  Overlord x2  
  79  6:13  Hatchery  
  79  6:16  Zerg Melee Weapons Level 1, Zerg Ground Armor Level 1  
  79  6:18  Overseer  
  78  6:23  Zergling x20  
  78  6:48  Spore Crawler  
  78  6:51  Spore Crawler  
  73  7:01  Baneling x2  
  73  7:02  Baneling x15  
  73  7:03  Zergling x20  
  77  7:18  Spore Crawler x2  
  77  7:19  Spore Crawler  
  77  7:21  Spore Crawler  
  77  7:22  Spore Crawler, Zergling x4  
  74  7:23  Zergling x6, Queen x3  
  63  8:05  Baneling Nest  
  61  8:06  Hydralisk Den  
  58  8:14  Drone  
  58  8:15  Drone x8  
  67  8:23  Queen  
  69  8:32  Spore Crawler  
  68  8:35  Queen  
  68  8:36  Queen x2  
  68  8:37  Hydralisk x8  
  90  8:59  Muscular Augments, Overlord  
  90  9:00  Extractor  
  89  9:05  Overlord  
  89  9:06  Zergling x4  
  89  9:07  Zergling x10  
  96  9:16  Hydralisk x3  
  96  9:17  Hydralisk x2  
  98  9:19  Zerg Ground Armor Level 2  
  106  9:31  Baneling x6  
  106  9:37  Extractor, Drone x3  
  108  9:39  Drone x2  
  108  9:40  Drone x4  
  108  9:43  Centrifugal Hooks  
  114  9:55  Baneling x4  
  113  10:03  Grooved Spines  
  113  10:07  Extractor, Roach Warren  
  113  10:13  Hydralisk x4  
  119  10:23  Drone x3  
  122  10:29  Zerg Melee Weapons Level 2  
  122  10:31  Drone x8  
  122  10:33  Drone  
  131  10:49  Overlord  
  131  10:50  Drone x3  
  131  10:51  Drone x2, Spire  
  124  11:07  Roach x10  
  135  11:32  Spore Crawler  
  134  11:35  Spine Crawler x2, Drone x16  
  134  11:36  Spine Crawler  
  134  11:38  Overlord  
  147  11:41  Roach x2  
  151  11:49  Overlord x2  
  151  11:51  Overlord x2  
  151  11:52  Overlord  
  151  12:00  Corruptor x4  
  154  12:16  Hydralisk x4  
  135  12:26  Roach x10  
  123  12:36  Hydralisk x3  
  120  12:39  Roach x2  
Show
View Real Time Build Order
Export as new Build Order

Shinypants Terran - Winner!

Build Orders: Mech 

Get SALT Encoding   

  12  0:02  SCV  
  13  0:14  SCV  
  14  0:21  Supply Depot  
  14  0:26  SCV  
  15  0:43  SCV  
  15  0:44  Barracks  
  16  0:55  SCV  
  17  1:07  SCV  
  18  1:16  Command Center  
  18  1:19  SCV  
  19  1:29  Refinery  
  19  1:31  SCV  
  20  1:33  Refinery  
  20  1:37  Marine  
  21  1:43  SCV  
  22  1:47  Supply Depot  
  22  1:55  SCV  
  23  2:08  Marine  
  23  2:11  Bunker  
  24  2:18  Orbital Command  
  24  2:28  Factory  
  24  2:34  SCV  
  25  2:38  Marine  
  26  2:45  SCV  
  26  2:50  Orbital Command  
  27  2:56  Marine  
  27  2:57  SCV  
  29  3:07  Refinery  
  29  3:09  SCV  
  29  3:11  Factory Tech Lab  
  30  3:16  Starport  
  30  3:20  Starport  
  30  3:21  SCV x2  
  32  3:31  Siege Tank  
  32  3:33  SCV x2  
  37  3:40  Supply Depot  
  37  3:45  SCV  
  37  3:46  SCV  
  39  3:54  Fusion Core, Supply Depot  
  39  3:56  Starport Tech Lab  
  39  3:57  SCV  
  40  4:03  SCV  
  40  4:06  Starport Tech Lab  
  40  4:09  SCV  
  42  4:15  SCV  
  45  4:21  SCV  
  46  4:27  SCV  
  46  4:28  Supply Depot  
  47  4:33  SCV  
  47  4:34  Refinery  
  46  4:42  SCV  
  47  4:45  SCV  
  47  4:47  Battlecruiser  
  54  5:02  SCV x2  
  54  5:06  Supply Depot  
  56  5:08  Battlecruiser  
  62  5:14  SCV x2  
  62  5:18  Command Center  
  62  5:19  Supply Depot  
  64  5:26  SCV  
  64  5:27  SCV  
  66  5:32  Factory  
  66  5:37  Infernal Pre-Igniter  
  66  5:38  Factory  
  66  5:39  SCV x2  
  68  5:56  Factory  
  68  6:03  Factory  
  68  6:08  SCV x2  
  70  6:15  Armory  
  70  6:17  Armory  
  70  6:24  Factory Tech Lab  
  70  6:25  Factory Tech Lab  
  70  7:36  Orbital Command  
  70  7:38  Factory Reactor x2  
  70  7:40  Terran Vehicle Weapons Level 1  
  70  7:41  Terran Vehicle And Ship Armor Level 1  
  67  7:45  Command Center  
  45  8:02  Hellion x3  
  45  8:16  SCV x2  
  45  8:18  SCV  
  48  8:23  Marine, Hellion x2  
  48  8:24  Hellion  
  48  8:26  Bunker  
  55  8:28  SCV x2, Drilling Claws  
  55  8:30  SCV  
  55  8:31  Hellion  
  55  8:32  Hellion x3  
  66  8:38  Supply Depot  
  66  8:40  SCV x2, Marine  
  69  8:42  SCV  
  69  8:45  Hellion x3  
  69  8:47  Weapon Refit  
  76  8:52  SCV x2  
  76  8:53  Hellion x3  
  76  8:54  SCV  
  85  8:58  Marine  
  86  9:04  SCV x2  
  86  9:06  SCV  
  89  9:16  Marine, SCV x2, Orbital Command  
  92  9:18  SCV  
  93  9:28  SCV  
  94  9:41  Terran Vehicle Weapons Level 2, Terran Vehicle And Ship Armor Level 2, Engineering Bay  
  94  9:43  Orbital Command  
  94  9:46  Thor x3  
  94  9:48  Hellion x2  
  116  9:57  Supply Depot  
  116  10:02  Supply Depot  
  116  10:06  Supply Depot  
  116  10:07  Smart Servos  
  116  10:08  Supply Depot  
  116  10:15  SCV x4  
  116  10:16  Hellion x4  
  128  10:27  Neosteel Armor, SCV x4, Refinery  
  132  10:29  Thor x2  
  132  10:30  Refinery  
  132  10:34  Thor  
  150  10:38  Hellion  
  150  10:39  SCV x2  
  154  10:57  Command Center  
  152  11:11  Marine  
  152  11:16  Bunker  
  152  11:20  Supply Depot  
  134  11:37  Siege Tank x3  
  134  11:38  Widow Mine x2  
  134  11:39  Widow Mine x2  
  151  11:56  Command Center  
  151  12:09  Siege Tank  
  151  12:10  Planetary Fortress  
  130  12:40  Hellion x6  
  130  12:41  Hellion  
Tags
 
Composition
Mech
Matchup
TvZ
Opening
Pool First
Spawn Locations
Cross Positions
Add a new tag
Caveats
  • Supply blocks, unpowered buildings, or Contaminate may cause inaccurate times.
  • Supply counts are checked every 10 seconds.